 Dungeon Crawl Stone Soup version 0.27-a0-277-g024f7ef292 (webtiles) character file.

Game seed: 811130031946384831

106461 Gieldon the Geomancer (level 16, -3/100 HPs)
             Began as a Gargoyle Earth Elementalist on Feb 7, 2021.
             Was a High Priest of Vehumet.
             Slain by an ogre
             ... wielding a +0 giant club
              (13 damage)
             ... while paralysed by an ogre mage
             ... on level 2 of the Orcish Mines.
             The game lasted 01:27:35 (30207 turns).

Gieldon the Geomancer (GrEE)                       Turns: 30207, Time: 01:27:36

Health: -3/100     AC: 29    Str: 13    XL:     16   Next: 44%
Magic:  30/30      EV:  2    Int: 22    God:    Vehumet [*****.]
Gold:   995        SH:  0    Dex: 10    Spells: 21/36 levels left

rFire    . . .     SeeInvis +   C - +9 great mace (protect)
rCold    + + .     Faith    .   (shield currently unavailable)
rNeg     + . .     Spirit   .   T - +2 robe {rC+}
rPois    ∞         Reflect  .   O - +2 helmet
rElec    +         Harm     .   M - +2 cloak {rCorr}
rCorr    +         Rampage  .   L - +2 pair of gloves
Will     +....     Clarity  +   a - +2 pair of boots
Stlth    ++........             N - amulet of magic regeneration
HPRegen  0.26/turn              G - +4 ring of evasion
MPRegen  0.47/turn              x - ring of see invisible

@: paralysed, flying, studying Axes
A: big wings, clarity, cold resistance 1, negative energy resistance 1,
electricity resistance, unbreathing, petrification resistance, miasma immunity,
MP-powered wands, AC +12
a: Stop Flying, Renounce Religion


You were on level 2 of the Orcish Mines.
You worshipped Vehumet.
Vehumet was extremely pleased with you.
You visited 4 branches of the dungeon, and saw 24 of its levels.

You collected 1609 gold pieces.
You spent 614 gold pieces at shops.

Inventory:

Hand Weapons
 n - the +4 great mace of Xipoant {flame, Int+4}
   (You found it on level 14 of the Dungeon)

   It has been specially enchanted to burn those struck by it, causing extra
   injury to most foes and up to half again as much damage against particularly
   susceptible opponents.
   It affects your intelligence (+4).
 C - a +9 great mace of protection (weapon)
 K - a +3 flail
Missiles
 b - 544 stones
 g - 3 throwing nets
Armour
 a - a +2 pair of boots (worn)
 L - a +2 pair of gloves (worn)
 M - a +2 cloak of preservation (worn)
 O - a +2 helmet (worn)
 T - a +2 robe of cold resistance (worn)
Jewellery
 d - an uncursed ring of fire
 x - a ring of see invisible (right hand)
 G - a +4 ring of evasion (left hand)
 N - an amulet of magic regeneration (around neck)
 S - an uncursed ring of ice
 Y - an uncursed ring of protection from fire
Wands
 m - a wand of iceblast (3)
 s - a wand of digging (14)
 t - a wand of random effects (49)
 B - a wand of acid (9)
 D - a wand of paralysis (38)
 H - a wand of polymorph (9)
 P - a wand of charming (7)
Scrolls
 c - 3 scrolls of amnesia
 f - 14 scrolls of identify
 j - 8 scrolls of teleportation
 o - 5 scrolls of remove curse
 u - 6 scrolls of fear
 y - a scroll of enchant weapon
 E - 6 scrolls of blinking
 F - 2 scrolls of magic mapping
 J - a scroll of fog
 R - 3 scrolls of immolation
Potions
 e - 4 potions of lignification
 h - a potion of magic
 i - 6 potions of haste
 k - 5 potions of brilliance
 l - 2 potions of mutation
 q - 13 potions of curing
 r - 5 potions of might
 w - 3 potions of resistance
 z - 2 potions of ambrosia
 Q - 2 potions of invisibility
 V - a potion of berserk rage
 Z - a potion of heal wounds
Miscellaneous
 U - a tin of tremorstones (2/2)
 W - a phantom mirror
 X - a condenser vane


   Skills:
 + Level 11.4 Fighting
 + Level 10.4 Maces & Flails
 - Level 6.0 Armour
 + Level 9.0 Dodging
 - Level 2.1 Stealth
 + Level 10.5 Spellcasting
 + Level 12.0 Conjurations
 - Level 0.7 Transmutations
 * Level 5.9 Fire Magic
 + Level 13.5 Earth Magic
 + Level 9.5 Evocations


You had 21 spell levels left.
You knew the following spells:

 Your Spells              Type           Power        Failure   Level
a - Sandblast             Erth           100%         0%          1
b - Stone Arrow           Conj/Erth      100%         1%          3
c - Lee's Rapid Deconstr  Erth           31%          1%          5
d - Starburst             Conj/Fire      25%          6%          6

Your spell library contained the following spells:

 Spells                   Type           Power        Failure   Level
 Conjure Ball Lightning   Conj/Air       19%          19%         6
 Passwall                 Tmut/Erth      35%          1%          2
 Petrify                  Tmut/Erth      43%          3%          4
 Beastly Appendage        Tmut           28%          4%          1
 Summon Small Mammal      Summ           44%          6%          1
 Wereblood                Tmut           14%          6%          2
 Blink                    Tloc           N/A          9%          2
 Call Imp                 Summ           11%          9%          2
 Spider Form              Tmut/Pois      6%           14%         3
 Call Canine Familiar     Summ           11%          17%         3
 Gell's Gravitas          Tloc           5%           17%         3
 Lesser Beckoning         Tloc           5%           17%         3
 Summon Guardian Golem    Hex/Summ       11%          17%         3
 Teleport Other           Tloc           11%          17%         3
 Ice Form                 Ice/Tmut       13%          43%         4
 Passage of Golubria      Tloc           N/A          50%         4
 Summon Ice Beast         Ice/Summ       11%          50%         4
 Summon Lightning Spire   Summ/Air       11%          50%         4
 Blade Hands              Tmut           7%           75%         5


Dungeon Overview and Level Annotations

Branches:
Dungeon (15/15)            Temple (1/1) D:7            Lair (6/6) D:9
  Swamp (0/4) Lair:4        Snake (0/4) Lair:3        Slime (0/5) Lair:5
    Orc (2/2) D:12         Vaults (0/5) D:14
    Elf: Orc:2       Depths: D:15

Altars:
Ashenzari
Cheibriados
Dithmenos
Elyvilon
Fedhas
Gozag
Hepliaklqana
Kikubaaqudgha
Makhleb
Nemelex Xobeh
Okawaru
Qazlal
Ru
Sif Muna
Trog
Uskayaw
Vehumet
Wu Jian
Xom
Yredelemnul
Zin
The Shining One
Beogh

Shops:
D:6 [   D:7 ?   D:12 ==(   D:14 *   Orc:1 [

Annotations:
D:7 exclusion: boulder beetle


Innate Abilities, Weirdness & Mutations

You are resistant to torment.
Your stone body is resilient. (AC +12)
You are immune to poison.
Your large and strong wings let you fly indefinitely.
You resist negative energy. (rN+)
You are resistant to electric shocks. (rElec)
You can survive without breathing.
You are immune to petrification.
You are immune to miasma.
You possess an exceptional clarity of mind.
Your flesh is cold resistant. (rC+)
You expend magic power (3 MP) to strengthen your wands.


Message History

Vehumet accepts your kill.
A two-headed ogre comes into view. It is wielding two +0 giant clubs.
The ogre mage gestures at you while chanting.
You suddenly lose the ability to move!
The ogre mage hits you but does no damage.
The ogre hits you with a +0 giant club! The ogre hits you with a +0 giant club!
The ogre mage hits you but does no damage.
The ogre mage hits you with a cursed -3 spear.
The ogre barely misses you. The ogre hits you but does no damage.
The ogre hits you with a +0 giant club.
* * * LOW HITPOINT WARNING * * *
The ogre mage hits you but does no damage.
The ogre mage points at you and mumbles some strange words.
The bolt of magma hits you!!
* * * LOW HITPOINT WARNING * * *
An ogre comes into view. It is wielding a +0 giant club.
The orc wizard hits you but does no damage.
The ogre hits you with a +0 giant club!
You die...

..............##
O..............#
...)...........#
...............##
.......)$.....$..#
#.....O..$O.......#
#.......OO)O(..#.##
#..$.....O@O[)....#
#........)o)<.....#
#..........)$....##
#.........[.....<#
#....$.).........#
##.................#
.###.......[......##.##
..........$.....### ##
.....$......#...#


You could see 2 two-headed ogres, 2 ogre magi, 4 ogres and an orc wizard
(invisible).

Vanquished Creatures
  Frances (D:12)
  Gastronok (Lair:3)
  Donald (Orc:2)
  A stone giant (D:14)
  The ghost of KennyOmg the Severer, a journeyman MiBe of Trog (D:14)
  Nessos (Orc:2)
  Snorg (D:12)
  Fannar (Lair:1)
  11 hydras
  2 ogre magi (Orc:2)
  Erolcha (D:9)
  2 boulder beetles
  A merfolk avatar (Lair:6)
  7 centaur warriors
  A naga warrior (D:14)
  13 two-headed ogres
  Erica (D:10)
  2 dancing weapons (D:13)
  4 tengu warriors (D:14)
  A deep elf knight (D:14)
  4 unseen horrors
  A sea snake (Lair:6)
  A deep elf archer (D:14)
  2 harpies (Lair:6)
  Pikel (D:9)
  An orc sorcerer (Orc:1)
  4 orc knights
  13 ugly things
  15 slime creatures
  7 elephants
  5 cyclopes
  5 manticores
  2 black mambas
  14 cane toads
  7 rime drakes
  2 kobold demonologists (D:9)
  14 komodo dragons
  9 trolls
  A tyrant leech (Lair:4)
  21 blink frogs
  4 hornets
  4 polar bears
  5 dream sheep (Lair:5)
  4 wraiths
  A vampire (D:12)
  8 wyverns
  Sigmund (D:4)
  2 shadows
  68 yaks
  3 basilisks
  3 swamp worms (Lair:4)
  2 steam dragons
  2 wargs (Orc:2)
  A harpy simulacrum (D:15)
  A soldier ant (D:13)
  19 water moccasins
  2 black bears
  4 sky beasts
  13 orc warriors
  4 ice beasts
  2 eyes of draining
  17 ogres
  8 wolves
  24 centaurs
  3 phantoms
  A lemure (D:9)
  7 big kobolds
  11 bullfrogs
  2 gnoll sergeants
  A wyvern skeleton (D:8)
  4 scorpions
  9 killer bees
  17 wights
  4 howler monkeys
  2 centaur zombies
  A gnoll shaman (D:4)
  9 jellies
  A bullfrog zombie (D:5)
  7 centaur skeletons
  7 hounds
  13 orc priests
  4 bullfrog skeletons
  Ijyb (D:3)
  Natasha (thrice) (D:3)
  9 iguanas
  19 orc wizards
  7 worker ants
  3 hound zombies
  A howler monkey skeleton (D:6)
  18 adders
  10 gnolls
  2 shadow imps
  3 white imps
  4 ufetubi
  An ooze (D:4)
  6 worms
  3 dart slugs
  6 leopard geckos
  80 orcs
  6 bats
  12 giant cockroaches
  14 goblins
  9 hobgoblins
  16 jackals
  24 kobolds
  4 quokkas
  9 frilled lizards
  A jackal skeleton (D:7)
  A leopard gecko zombie (D:7)
  A quokka skeleton (D:7)
  10 rats
771 creatures vanquished.

Vanquished Creatures (others)
  38 fungi
  140 plants
178 creatures vanquished.

Grand Total: 949 creatures vanquished

Notes
Turn   | Place    | Note
-------+----------+-------------------------------------------
     0 | D:1      | Gieldon the Gargoyle Earth Elementalist began the quest for
                  | the Orb.
     0 | D:1      | Reached XP level 1. HP: 10/10 MP: 3/3
   114 | D:1      | Reached XP level 2. HP: 15/15 MP: 0/5
   187 | D:1      | Reached skill level 4 in Earth Magic
   704 | D:1      | Reached XP level 3. HP: 19/19 MP: 6/6
   708 | D:1      | Learned a level 3 spell: Stone Arrow
  1894 | D:2      | Reached skill level 1 in Conjurations
  1948 | D:2      | Reached XP level 4. HP: 16/24 MP: 2/8
  2066 | D:2      | Found a faded altar of an unknown god.
  2826 | D:3      | Noticed Natasha
  2837 | D:3      | Killed Natasha
  2838 | D:3      | Reached skill level 5 in Earth Magic
  2838 | D:3      | Reached XP level 5. HP: 28/28 MP: 4/9
  2844 | D:3      | Learned a level 5 spell: Lee's Rapid Deconstruction
  2846 | D:3      | Noticed Natasha
  2851 | D:3      | Killed Natasha
  2940 | D:3      | Noticed Natasha
  2946 | D:3      | Killed Natasha
  3282 | D:3      | Reached XP level 6. HP: 27/32 MP: 8/11
  3504 | D:3      | Noticed Ijyb
  3514 | D:3      | Killed Ijyb
  3910 | D:4      | Reached skill level 6 in Earth Magic
  4040 | D:4      | Noticed Sigmund
  4053 | D:4      | Killed Sigmund
  4054 | D:4      | Reached XP level 7. HP: 11/36 MP: 5/13
  4510 | D:4      | Noticed an unseen horror
  4514 | D:4      | Killed an unseen horror
  4515 | D:4      | Reached skill level 1 in Maces & Flails
  4515 | D:4      | Reached skill level 1 in Armour
  4515 | D:4      | Reached skill level 7 in Earth Magic
  4515 | D:4      | Reached skill level 1 in Evocations
  4515 | D:4      | Reached XP level 8. HP: 38/44 MP: 9/15
  4819 | D:5      | Entered Level 5 of the Dungeon
  4825 | D:5      | Reached skill level 5 in Spellcasting
  5002 | D:4      | Reached skill level 5 in Conjurations
  5971 | D:5      | Reached XP level 9. HP: 41/50 MP: 16/16
  6226 | D:6      | Found Jeruh's Antique Armour Boutique.
  7536 | D:7      | Found a staircase to the Ecumenical Temple.
  7546 | Temple   | Entered the Ecumenical Temple
  7596 | Temple   | Became a worshipper of Vehumet
  7646 | D:7      | Found a stormy altar of Qazlal.
  7961 | D:7      | Reached skill level 8 in Earth Magic
  8327 | D:7      | Found Xawics's Magic Scroll Boutique.
  8330 | D:7      | Bought a scroll of blinking for 97 gold pieces
  8330 | D:7      | Bought a scroll of magic mapping for 45 gold pieces
  8330 | D:7      | Bought a scroll of identify for 26 gold pieces
  8330 | D:7      | Bought a scroll of identify for 26 gold pieces
  8330 | D:7      | Bought a scroll of identify for 26 gold pieces
  8330 | D:7      | Bought a scroll of enchant weapon for 97 gold pieces
  8436 | D:7      | Reached XP level 10. HP: 58/58 MP: 18/18
  8614 | D:7      | Noticed a boulder beetle
  9001 | D:8      | Reached * piety under Vehumet
  9001 | D:8      | Offered knowledge of Freeze by Vehumet.
  9337 | D:8      | Noticed an unseen horror
  9354 | D:8      | Killed an unseen horror
  9614 | D:8      | Reached skill level 5 in Fighting
  9682 | D:8      | Found a shimmering blue altar of Sif Muna.
  9953 | D:8      | Reached skill level 5 in Armour
 10197 | D:8      | Found a white marble altar of Elyvilon.
 10263 | D:9      | Noticed Erolcha
 10267 | D:9      | Killed Erolcha
 10274 | D:9      | Reached skill level 9 in Earth Magic
 10514 | D:9      | Reached ** piety under Vehumet
 10514 | D:9      | Offered knowledge of Searing Ray by Vehumet.
 10533 | D:9      | Reached XP level 11. HP: 58/64 MP: 20/20
 10567 | D:9      | Noticed Pikel
 10583 | D:9      | Killed Pikel
 10584 | D:9      | Reached skill level 5 in Maces & Flails
 10941 | D:9      | Found a staircase to the Lair.
 11412 | D:9      | Gained mutation: You expend magic power (3 MP) to
                  | strengthen your wands. [potion of mutation]
 11412 | D:9      | Gained mutation: Your flesh is cold resistant. (rC+)
                  | [potion of mutation]
 11412 | D:9      | Gained mutation: You possess an exceptional clarity of
                  | mind. [potion of mutation]
 11458 | D:10     | Entered Level 10 of the Dungeon
 11462 | D:10     | Noticed a seven-headed hydra
 11466 | D:10     | Offered knowledge of Static Discharge by Vehumet.
 11471 | D:10     | Killed a seven-headed hydra
 12204 | D:10     | Reached *** piety under Vehumet
 12231 | D:10     | Noticed a two-headed ogre
 12238 | D:10     | Noticed Erica
 12318 | D:10     | Reached skill level 5 in Evocations
 12540 | D:10     | Reached skill level 5 in Dodging
 12545 | D:10     | Offered knowledge of Sticky Flame by Vehumet.
 12549 | D:10     | Found a roughly hewn altar of Beogh.
 12744 | D:10     | Killed Erica
 12941 | D:10     | Killed a two-headed ogre
 13199 | D:10     | Found an iron altar of Okawaru.
 13308 | D:11     | Noticed a centaur warrior
 13321 | D:11     | Killed a centaur warrior
 13323 | D:11     | Reached **** piety under Vehumet
 13514 | D:11     | Noticed a cyclops
 13521 | D:11     | Killed a cyclops
 13527 | D:11     | Identified a scroll of acquirement
 13527 | D:11     | Acquired a +1 cloak of preservation
 13544 | D:11     | Reached XP level 12. HP: 51/71 MP: 22/22
 13734 | D:11     | Reached skill level 10 in Earth Magic
 13814 | D:11     | Noticed a two-headed ogre
 13833 | D:11     | Killed a two-headed ogre
 14253 | D:11     | Offered knowledge of Iskenderun's Mystic Blast by Vehumet.
 14589 | D:12     | Noticed a two-headed ogre
 14596 | D:12     | Killed a two-headed ogre
 14834 | D:12     | Found Fuggivu's Weapon Shop.
 14906 | D:12     | Found a staircase to the Orcish Mines.
 15185 | D:12     | You fall into a shaft and drop 3 floors!
 15185 | D:15     | Entered Level 15 of the Dungeon
 15449 | D:14     | Noticed a six-headed hydra
 15459 | D:14     | Killed a six-headed hydra
 15692 | D:14     | Found a stormy altar of Qazlal.
 15696 | D:14     | Noticed a tengu warrior
 15696 | D:14     | Noticed a tengu warrior
 16099 | D:13     | Noticed a two-headed ogre
 16107 | D:13     | Killed a two-headed ogre
 16107 | D:13     | Reached ***** piety under Vehumet
 16108 | D:13     | Reached XP level 13. HP: 78/78 MP: 20/25
 16161 | D:13     | Offered knowledge of Olgreb's Toxic Radiance by Vehumet.
 16237 | D:13     | Reached skill level 11 in Earth Magic
 16494 | D:12     | Noticed Frances
 16747 | D:12     | Killed Frances
 17107 | D:12     | Found Uwoon's Jewellery Shoppe.
 17113 | D:12     | Found a shimmering blue altar of Sif Muna.
 17391 | D:12     | Found Icreasch's Jewellery Boutique.
 17661 | D:12     | Noticed Snorg
 17669 | D:12     | Killed Snorg
 18428 | D:13     | Reached skill level 10 in Conjurations
 19532 | D:13     | Gained mutation: Your large and strong wings let you fly
                  | indefinitely. [Gargoyle growth]
 19532 | D:13     | Reached XP level 14. HP: 73/86 MP: 26/26
 20553 | D:14     | Reached skill level 12 in Earth Magic
 20558 | D:14     | Offered knowledge of Iskenderun's Battlesphere by Vehumet.
 20853 | D:14     | Found a gate to the Vaults.
 21085 | D:14     | Found Daos's Assorted Antiques.
 21085 | D:14     | Found a runed translucent gate.
 21085 | D:14     | Found a runed translucent gate.
 21087 | D:14     | Found a runed translucent gate.
 21088 | D:14     | Noticed a stone giant
 21090 | D:14     | Noticed KennyOmg's ghost (journeyman MiBe)
 21091 | D:14     | Bought a potion of invisibility for 216 gold pieces
 21091 | D:14     | Bought a scroll of identify for 54 gold pieces
 21091 | D:14     | Bought a scroll labelled EXOSITAEDOO for 27 gold pieces
 21142 | D:14     | Found an iron altar of Okawaru.
 21164 | D:14     | Killed KennyOmg's ghost
 21167 | D:14     | Killed a stone giant
 21449 | D:14     | Identified the +4 great mace of Xipoant {flame, Int+4} (You
                  | found it on level 14 of the Dungeon)
 21821 | Lair:1   | Entered Level 1 of the Lair of Beasts
 21845 | Lair:1   | Reached skill level 10 in Fighting
 21969 | Lair:1   | Noticed Fannar
 21987 | Lair:1   | Killed Fannar
 22091 | Lair:1   | You are sucked into a shaft and drop 1 floor!
 23834 | Lair:3   | Reached XP level 15. HP: 78/92 MP: 25/28
 24123 | Lair:3   | Found a bloodstained altar of Trog.
 24320 | Lair:3   | Offered knowledge of Starburst by Vehumet.
 24354 | Lair:3   | Learned a level 6 spell: Starburst
 24546 | Lair:3   | Reached skill level 1 in Fire Magic
 24972 | Lair:3   | Found a staircase to the Snake Pit.
 25121 | Lair:3   | Noticed Gastronok
 25133 | Lair:3   | Killed Gastronok
 25465 | Lair:4   | Reached skill level 10 in Spellcasting
 25516 | Lair:4   | Found a staircase to the Swamp.
 26498 | Lair:5   | You are sucked into a shaft and drop 1 floor!
 26498 | Lair:6   | Entered Level 6 of the Lair of Beasts
 26506 | Lair:6   | Reached skill level 13 in Earth Magic
 26732 | Lair:5   | Found a sacrificial altar of Ru.
 26808 | Lair:5   | Found a staircase to the Slime Pits.
 27763 | Lair:6   | Offered knowledge of Eringya's Noxious Bog by Vehumet.
 27900 | Lair:6   | Reached skill level 10 in Maces & Flails
 28660 | Lair:6   | Reached XP level 16. HP: 96/100 MP: 30/30
 29209 | Lair:6   | Reached skill level 5 in Fire Magic
 29782 | Orc:1    | Entered Level 1 of the Orcish Mines
 29796 | Orc:1    | Paralysed by an orc sorcerer for 3 turns
 30048 | Orc:1    | Found Oleupt's Armour Shoppe.
 30074 | Orc:1    | You are sucked into a shaft and drop 1 floor!
 30074 | Orc:2    | Entered Level 2 of the Orcish Mines
 30075 | Orc:2    | Noticed Nessos
 30088 | Orc:2    | Killed Nessos
 30098 | Orc:2    | Noticed Donald
 30105 | Orc:2    | Killed Donald
 30197 | Orc:2    | Offered knowledge of Conjure Ball Lightning by Vehumet.
 30204 | Orc:2    | Paralysed by an ogre mage for 7 turns
 30207 | Orc:2    | Slain by an ogre

Illustrated notes

Levels and vault maps discovered:
D:1:      scummos_arrival_forest, layout_basic
D:2:      layout_basic, chequers_ecumenical_altar_simple, minmay_misc_feat_roman
D:3:      kennysheep_goblin_castle, layout_loops_ring, uniq_natasha
D:4:      layout_basic, minmay_manual_moon, uniq_sigmund
D:5:      layout_cave_pools
D:6:      layout_basic, serial_shops, shop, minmay_checkerbox
D:7:      kennysheep_windowed_halls, layout_loops_ring,
          minmay_temple_entry_glass, serial_shops, kennysheep_mini, basic_altar,
          kb_rosetta
D:8:      layout_gridville, lemuel_coloured_pillars_altar, led_sif_pool
D:9:      layout_stronghold, dpeg_oklobed_lair, uniq_erolcha, uniq_pikel
D:10:     layout_cave_pools, special_room [special_room_orc],
          okawaru_metal_pillars_3, uniq_erica
D:11:     layout_roguey
D:12:     layout_long_grid, kennysheep_orc_monster_closet_entryway,
          serial_shops, shop, kennysheep_little_box, shop, basic_altar,
          kennysheep_donut, uniq_frances, uniq_snorg
D:13:     layout_stronghold
D:14:     layout_gridville, erik_vaults_1, gammafunk_ghost_fury_of_okawaru,
          serial_shops, shop, minivault_23, nicolae_qazlal_style_of_elements
D:15:     hangedman_depths_entry_civil_slaughter, layout_cave_pods,
          serial_rivers, chequers_serial_rivers_micro_d,
          chequers_serial_rivers_small_3, chequers_serial_rivers_room_a,
          chequers_serial_rivers_small_a, chequers_serial_rivers_room_a,
          chequers_serial_rivers_micro_a, minmay_statue_bubble
Temple:   kilobyte_greek_temple
Lair:1:   layout_long_grid, chequers_serial_rivers_micro_e, grunt_megastairs_1,
          uniq_fannar
Lair:2:   layout_long_grid
Lair:3:   layout_cave_pods, dummy_snake_entry, basic_altar, uniq_gastronok
Lair:4:   layout_regular_city, palyth_hydra_swamp_entry, serial_bayou_shore_b
Lair:5:   wad_woods_stonehenge, layout_loops_ring, minmay_slime_entry_pillars,
          cheibrodos_lair_reptile_den
Lair:6:   gammafunk_lair_ancient_temple, layout_gridlike
Orc:1:    minmay_goldmine, layout_diamond_mine, serial_shops, shop_statue,
          basic_altar
Orc:2:    st_orc_ogre_mass, layout_caves, serial_shops, shop, uniq_donald,
          uniq_nessos

Skill      XL: |  1  2  3  4  5  6  7  8  9 10 11 12 13 14 15 16 |
---------------+-------------------------------------------------+-----
Earth Magic    | 4 5 6 7 8 9 10 11 12 13 | 13.5
Conjurations   | 1 2 4 5 6 7 8 9 10 11 12 | 12.0
Spellcasting   | 3 4 5 6 7 8 9 10 | 10.5
Fighting       | 2 3 4 5 6 8 9 10 11 | 11.4
Maces & Flails | 1 2 3 4 6 7 8 9 10 | 10.4
Armour         | 1 2 4 5 6 |  6.0
Dodging        | 2 3 4 5 6 7 8 9 |  9.0
Evocations     | 1 2 3 4 5 6 7 8 9 |  9.5
Fire Magic     | 4 5 |  5.9
Stealth        | |  2.1
Transmutations | |  0.7

Action                   |  1- 3 |  4- 6 |  7- 9 | 10-12 | 13-15 | 16-18 || total
-------------------------+-------+-------+-------+-------+-------+-------++-------
Melee: Unarmed           |     8 |       |       |       |       |       ||     8
       Dagger            |    90 |       |   209 |       |       |       ||   299
       Mace              |    15 |   139 |    28 |       |       |       ||   182
       Great mace        |       |       |     4 |   447 |   848 |   126 ||  1425
 Cast: Sandblast         |    33 |    46 |    63 |    46 |    73 |     2 ||   263
       Lee's Rapid Decon |       |       |     6 |    24 |    34 |     3 ||    67
       Stone Arrow       |       |       |       |    13 |    74 |     5 ||    92
       Starburst         |       |       |       |       |    20 |    19 ||    39
 Abil: Fly               |       |       |       |       |     2 |       ||     2
       Stop Flying       |       |       |       |       |     1 |       ||     1
Evoke: Wand              |       |     2 |     3 |    13 |    28 |     1 ||    47
  Use: Scroll            |       |    10 |    12 |    11 |    13 |       ||    46
       Potion            |       |     1 |       |     3 |     3 |       ||     7
 Stab: Sleeping          |     3 |     2 |     6 |     1 |     3 |       ||    15
Armor: Robe              |    50 |    95 |   127 |   296 |   578 |   108 ||  1254
       Skin              |       |    12 |       |       |       |       ||    12
Dodge: Dodged            |    82 |   137 |   175 |   678 |  1212 |   226 ||  2510

Table legend: (Time is in decaauts)
 A = Elapsed time spent in this place.
 B = Non-inter-level travel time spent in this place.
 C = Inter-level travel time spent in this place.
 D = Time resting spent in this place.
 E = Time spent auto-exploring this place.
 F = Levels seen in this place.
 G = Mean time per level.
                   A        B        C        D        E       F      G
               +--------+--------+--------+--------+--------+-----+--------+
         Total |  30792 |  29690 |   1102 |   7053 |  16348 |  24 | 1283.0 |
       Dungeon |  22384 |  21629 |    755 |   6312 |  10775 |  15 | 1492.3 |
        Temple |     86 |     50 |     36 |      0 |     39 |   1 |   86.0 |
          Lair |   8074 |   7763 |    311 |    670 |   5489 |   6 | 1345.7 |
  Orcish Mines |    246 |    246 |      0 |     71 |     44 |   2 |  123.0 |
               +--------+--------+--------+--------+--------+-----+--------+

Top non-repeatable levels by time:
    D:13: 3134 daAuts
     D:9: 2157 daAuts
    D:12: 2050 daAuts
    D:11: 1845 daAuts
  Lair:5: 1714 daAuts
  Lair:6: 1678 daAuts
    D:14: 1602 daAuts
     D:3: 1496 daAuts
  Lair:3: 1476 daAuts
     D:7: 1403 daAuts
     D:8: 1387 daAuts
     D:1: 1383 daAuts
  Lair:2: 1343 daAuts
     D:4: 1333 daAuts
     D:6: 1203 daAuts
